 Dungeon Sprint DCSS version 0.29.1-12-g30fa7ad0bf (webtiles) character file.

Game seed: 14202606213724927140

372 boopmooplesden the Spear-Bearer (level 6, -4/66 HPs)
             Began as a Minotaur Berserker on Dec 15, 2022.
             Was a Priest of Trog.
             Slain by an orc
             ... wielding a +0 trident
              (8 damage)
             ... in the Dungeon (Sprint VII: "The Pits").
             The game lasted 00:00:55 (760 turns).

boopmooplesden the Spear-Bearer (Minotaur Berserker) Turns: 760, Time: 00:00:56

Health: -4/66      AC:  2    Str: 23    XL:     6   Next: 43%
Magic:  5/5        EV: 13    Int:  4    God:    Trog [***...]
Gold:   0          SH:  0    Dex: 10    Spells: 5/5 levels left

rFire   . . .      SeeInvis .   c - +2 trident
rCold   . . .      Faith    .   (no shield)
rNeg    . . .      Spirit   .   b - +0 animal skin
rPois   .          Reflect  .   (helmet restricted)
rElec   .          Harm     .   (no cloak)
rCorr   .          Rampage  .   (no gloves)
Will    ++...      NoTele   +   (no boots)
Stlth   +.........              (no amulet)
HPRegen 1.21/turn               (no ring)
MPRegen 0.09/turn               (no ring)

@: strong-willed, on berserk cooldown, regenerating, hasted and slowed
A: horns 2, retaliatory headbutt
a: Renounce Religion, Berserk, Trog's Hand


You were in the Dungeon.
You worshipped Trog.
Trog was most pleased with you.
You visited 1 branch

Inventory:

Hand Weapons
 a - a +0 spear
 c - a +2 trident (weapon)
Armour
 b - a +0 animal skin (worn)
Scrolls
 h - a scroll of blinking
 j - a scroll of summoning
Potions
 f - 4 potions of magic
 g - 3 potions of berserk rage
 i - 2 potions of invisibility


   Skills:
 + Level 10.3 Fighting
 + Level 11.2 Polearms
 + Level 5.2 Armour
 + Level 6.3 Dodging
 + Level 1.2 Stealth


You had 5 spell levels left.
You didn't know any spells.
Your spell library was empty.

Dungeon Overview and Level Annotations

Branches:
Dungeon (1/1)

Altars:


Innate Abilities, Weirdness & Mutations

You have a pair of horns on your head.
You reflexively headbutt those who attack you in melee.


Message History

The orc barely misses you. x2; The orc closely misses you. x2
The orc hits you with a +1 dagger of flaming.
* * * LOW HITPOINT WARNING * * *
The orc burns you.
* * * LOW HITPOINT WARNING * * *
The orc wizard hits you but does no damage.
The orc hits you with a +0 trident.
* * * LOW HITPOINT WARNING * * *
The orc attacks as you move away! The orc barely misses you.
The orc misses you.
The orc wizard hits you with a +0 dagger.
* * * LOW HITPOINT WARNING * * *
You puncture the floating eye!
The floating eye is almost dead.
The orc wizard misses you. The orc closely misses you.
The orc completely misses you. The orc misses you.
You hit the floating eye.
You kill the floating eye!
Trog accepts your kill.
The orc hits you with a +1 dagger of flaming.
* * * LOW HITPOINT WARNING * * *
The orc burns you.
* * * LOW HITPOINT WARNING * * *
The orc wizard hits you but does no damage.
The orc hits you from afar with a +0 trident.
* * * LOW HITPOINT WARNING * * *
The orc barely misses you.
Your Fighting skill increases to level 10!
Your Polearms skill increases to level 11!
Your Armour skill increases to level 5!
Your Dodging skill increases to level 6!
You feel yourself speed up.
The orc wizard hits you with a +0 dagger.
* * * LOW HITPOINT WARNING * * *
The orc hits you with a +1 dagger of flaming.
* * * LOW HITPOINT WARNING * * *
The orc burns you.
* * * LOW HITPOINT WARNING * * *
The orc hits you from afar with a +0 trident!
You die...

+#####'#####......#..
#..#รท.# #.........
#..'..# ####'#####
#..#### #.......#
#..#..# #.......#
#..#..# #.......#
##)#o.#+###...<...#
#..o.)...##.......#
#..@oo...##.......#
###########.......#
#########


You could see an orc wizard and 3 orcs.

Vanquished Creatures
  2 floating eyes (D)
  2 scorpions (D)
  An orc priest (D)
  An adder (D)
  An ufetubus (D)
  A giant cockroach (D)
  2 jackals (D)
  A kobold (D)
11 creatures vanquished.

Notes
Turn   | Place    | Note
-------+----------+-------------------------------------------
     0 | D        | boopmooplesden the Minotaur Berserker began the quest for
                  | the Orb.
     0 | D        | Reached XP level 1. HP: 19/19 MP: 0/0
    94 | D        | Reached skill level 4 in Polearms
    94 | D        | Reached XP level 2. HP: 6/28 MP: 1/1
   378 | D        | Noticed a scorpion
   382 | D        | Killed a scorpion
   383 | D        | Reached skill level 7 in Polearms
   383 | D        | Reached XP level 3. HP: 29/38 MP: 2/2
   383 | D        | Reached XP level 4. HP: 35/45 MP: 3/3
   384 | D        | Reached ** piety under Trog
   516 | D        | Noticed a scorpion
   530 | D        | Killed a scorpion
   531 | D        | Reached skill level 8 in Polearms
   531 | D        | Reached XP level 5. HP: 47/53 MP: 4/4
   746 | D        | Reached *** piety under Trog
   747 | D        | Reached skill level 9 in Polearms
   747 | D        | Noticed a floating eye
   748 | D        | Noticed a floating eye
   750 | D        | Killed a floating eye
   751 | D        | Reached skill level 10 in Polearms
   751 | D        | Reached skill level 5 in Dodging
   751 | D        | Reached skill level 1 in Stealth
   751 | D        | Reached XP level 6. HP: 58/64 MP: 5/5
   751 | D        | Paralysed by a floating eye for 4 turns
   759 | D        | Killed a floating eye
   760 | D        | Reached skill level 10 in Fighting
   760 | D        | Reached skill level 11 in Polearms
   760 | D        | Reached skill level 5 in Armour
   760 | D        | Slain by an orc

Illustrated notes

Levels and vault maps discovered:
D:        pitsprint [storerooms_1, entrance_room_1, metal_vault_2, armoury_2,
          mini_pit_1, grid_room_1, main_hall_1, silver_pit, the_coven_1,
          the_vestibule_1, steel_vault_3, golden_pit, hallway_of_sentries,
          crystal_vault_1, iron_vault_1, final_vault]

Skill      XL: |  1  2  3  4  5  6 |
---------------+-------------------+-----
Fighting       | 4 6 7 9 10 | 10.3
Polearms       | 4 7 8 10 11 | 11.2
Armour         | 3 4 5 |  5.2
Dodging        | 3 4 5 6 |  6.3
Stealth        | 1 |  1.2

Action                   |  1- 3 |  4- 6 || total
-------------------------+-------+-------++-------
Melee: Spear             |     7 |       ||     7
       Trident           |     2 |    23 ||    25
       Headbutt          |     1 |     2 ||     3
Invok: Berserk           |     1 |     2 ||     3
       Trog's Hand       |       |     1 ||     1
  Use: Potion            |     1 |     2 ||     3
Armor: Animal skin       |     1 |     9 ||    10
Dodge: Dodged            |     9 |    29 ||    38
